 Dungeon Crawl Stone Soup version 0.29-a0-323-g050149af67 (webtiles) character file.

Game seed: 3695896536621474014

44 Ajdolov the Ruffian (level 3, -2/33 HPs)
             Began as a Ghoul Monk on Apr 10, 2022.
             Slain by Sigmund
             ... wielding a +0 scythe
              (6 damage)
             ... on level 2 of the Dungeon.
             The game lasted 00:01:37 (904 turns).

Ajdolov the Ruffian (Ghoul Monk)                     Turns: 904, Time: 00:01:38

Health: -2/33      AC:  5    Str: 22      XL:     3   Next: 60%
Magic:  2/2        EV: 11    Int:  3 (5)  God:
Gold:   68         SH:  0    Dex:  9 (11) Spells: 2/2 levels left

rFire   . . .      SeeInvis .     - Unarmed
rCold   + . .      Faith    .   (no shield)
rNeg    + + +      Spirit   .   m - +0 ring mail
rPois   ∞          Reflect  .   (no helmet)
rElec   .          Harm     .   (no cloak)
rCorr   .          Rampage  .   (no gloves)
Will    .....                   (no boots)
Stlth   ..........              (no amulet)
HPRegen 0.00/turn               f - +6 ring of strength
MPRegen 0.08/turn               (no ring)

@: confused, attractive, inhibited regen
A: claws 1, cold resistance 1, negative energy resistance 3, inhibited
regeneration, torment resistance 2, devour on kill
a: no special abilities


You were on level 2 of the Dungeon.
You visited 1 branch of the dungeon, and saw 2 of its levels.

You collected 68 gold pieces.

Inventory:

Armour
 m - a +0 ring mail (worn)
Jewellery
 f - a +6 ring of strength (left claw)
Scrolls
 c - 3 scrolls of identify {unknown}
 d - 3 scrolls of fear {unknown}
 h - a scroll of blinking {unknown}
 j - a scroll of noise {unknown}
 k - a scroll of holy word {unknown}
 l - a scroll of enchant weapon {unknown}


   Skills:
 + Level 3.9 Fighting
 - Level 2.6 Dodging
 - Level 2.1 Stealth
 * Level 4.5 Unarmed Combat


You had 2 spell levels left.
You didn't know any spells.
Your spell library was empty.

Dungeon Overview and Level Annotations

Branches:
Dungeon (2/15)

Altars:

Annotations:
D:2 Sigmund


Innate Abilities, Weirdness & Mutations

You are immune to poison.
You have sharp fingernails.
Your flesh is cold resistant. (rC+)
You are immune to negative energy. (rN+++)
You do not regenerate when monsters are visible.
You are immune to unholy pain and torment.
You thrive by killing the living.


Message History

Something hits you.
There is a stone staircase leading down here.
You barely miss something. Your claw misses something.
You feel less invigorated.
You feel less confused. Something barely misses you.
Something hits you but does no damage.
There is a stone staircase leading down here.
You barely miss something. You barely miss something.
You hear some strange, mumbled words.
You are confused.
You hear some strange, mumbled words.
Something tries to affect you, but you resist.
Something hits you!
* * * LOW HITPOINT WARNING * * *
There is a stone staircase leading down here.
Something hits you.
* * * LOW HITPOINT WARNING * * *
You feel less confused.
It was a potion of curing.
You feel better. Something hits you.
* * * LOW HITPOINT WARNING * * *
A puff of flame appears from out of thin air!
The puff of flame hits you.
* * * LOW HITPOINT WARNING * * *
You are confused.
It was a potion of mutation.
You feel extremely strange.
Your body decomposes!
You feel dopey.
Your body decomposes!
You feel clumsy.
Your body decomposes!
You feel dopey.
Your body decomposes!
You feel clumsy.
It was a potion of attraction.
You feel attractive to monsters. Something is attracted toward you.
You miss something. Something hits you.
You die...

#.# #...# #.# ##..#
... #.# #..# .. #.#
#..###.#### #.#
######.#......# #.#
#...##.#......# #.#
#...##.#......#
#.######.............#
#.....@..§...>.##.###
########......[#
#.......# ####....#
#....# ######


There were no monsters in sight!

Vanquished Creatures
  A dart slug (D:1)
  A bat (D:1)
  8 endoplasms (D:1)
  4 goblins
  3 hobgoblins
  4 jackals (D:1)
  A quokka (D:1)
  A ball python (D:2)
  4 frilled lizards
  2 kobolds (D:1)
  11 rats (D:1)
40 creatures vanquished.

Notes
Turn   | Place    | Note
-------+----------+-------------------------------------------
     0 | D:1      | Ajdolov the Ghoul Monk began the quest for the Orb.
     0 | D:1      | Reached XP level 1. HP: 19/19 MP: 0/0
   137 | D:1      | Reached XP level 2. HP: 26/26 MP: 1/1
   230 | D:1      | Reached skill level 4 in Unarmed Combat
   274 | D:1      | Reached XP level 3. HP: 22/33 MP: 2/2
   850 | D:2      | Noticed Sigmund
   894 | D:2      | HP: 1/33 [something (6)]
   904 | D:2      | Slain by Sigmund

Illustrated notes

Levels and vault maps discovered:
D:1:      dpeg_arrival_ratfight, layout_rooms
D:2:      layout_basic, serial_shops, shop_statue, uniq_sigmund

Skill      XL: |  1  2 |
---------------+-------+-----
Unarmed Combat | 4 |  4.5
Fighting       | |  3.9
Dodging        | |  2.6
Stealth        | |  2.1

Action                   || total
-------------------------++-------
Melee: Unarmed           ||   103
       Punch             ||     3
  Use: Potion            ||     4
 Stab: Sleeping          ||     6
Armor: Robe              ||     9
       Ring mail         ||     2
Dodge: Dodged            ||    51

Table legend: (Time is in decaauts)
 A = Elapsed time spent in this place.
 B = Non-inter-level travel time spent in this place.
 C = Inter-level travel time spent in this place.
 D = Time resting spent in this place.
 E = Time spent auto-exploring this place.
 F = Levels seen in this place.
 G = Mean time per level.
                   A        B        C        D        E       F      G
               +--------+--------+--------+--------+--------+-----+--------+
         Total |    895 |    855 |     40 |      0 |    581 |   2 |  447.5 |
       Dungeon |    895 |    855 |     40 |      0 |    581 |   2 |  447.5 |
               +--------+--------+--------+--------+--------+-----+--------+

Top non-repeatable levels by time:
     D:1: 721 daAuts
     D:2: 174 daAuts
